Map: [ESL] Data-C

Players

SKillous

  • Race: Protoss Protoss
  • Spawn Location: 9:00

HeroMarine - Winner!

  • Race: Terran Terran
  • Spawn Location: 3:00

Event: DreamHack SC2 Masters 2022 Atlanta (Online)

VOD

Have the link to the VOD?

Description

Time

  • Played on: Sept. 28, 2022, 10:10 a.m.
  • Length: 9:31

All games in this series

Show
View Real Time Build Order
Export as new Build Order

SKillous Protoss 

Build Orders: 1 Gate Expand, Phoenix Opening 

Get SALT Encoding   

  12  0:00  Probe  
  13  0:12  Probe  
  14  0:17  Pylon  
  14  0:24  Probe (Chrono Boost)  
  15  0:36  Probe (Chrono Boost)  
  15  0:37  Gateway  
  16  0:45  Probe (Chrono Boost)  
  16  0:46  Assimilator  
  17  0:51  Probe  
  18  1:03  Probe  
  19  1:15  Probe  
  20  1:24  Cybernetics Core  
  20  1:33  Nexus  
  20  1:40  Pylon  
  20  1:43  Probe  
  21  1:50  Assimilator  
  20  1:55  Probe  
  20  1:58  Adept (Chrono Boost)  
  23  2:07  Probe  
  24  2:19  Stargate  
  24  2:20  Probe  
  25  2:23  Adept  
  27  2:32  Probe  
  28  2:40  Warp Gate  
  29  2:46  Probe (Chrono Boost)  
  29  2:49  Probe (Chrono Boost)  
  30  2:53  Adept  
  30  2:56  Probe (Chrono Boost)  
  30  2:58  Probe (Chrono Boost)  
  33  3:03  Phoenix (Chrono Boost), Probe  
  36  3:08  Probe  
  37  3:13  Pylon  
  37  3:15  Probe  
  37  3:19  Phoenix (Chrono Boost)  
  38  3:23  Probe  
  41  3:27  Probe  
  42  3:35  Probe  
  42  3:39  Probe (Chrono Boost)  
  44  3:42  Gateway  
  44  3:47  Phoenix (Chrono Boost)  
  45  3:52  Probe (Chrono Boost)  
  46  3:55  Probe (Chrono Boost)  
  46  3:57  Pylon  
  46  4:01  Probe x2 (Chrono Boost)  
  47  4:05  Phoenix  
  50  4:11  Probe  
  50  4:13  Probe  
  51  4:21  Nexus  
  51  4:26  Twilight Council  
  51  4:30  Shield Battery  
  51  4:32  Probe  
  51  4:34  Probe  
  51  4:37  Assimilator  
  53  4:41  Stalker  
  55  4:47  Pylon  
  55  4:48  Stalker  
  55  4:51  Shield Battery  
  57  4:53  Probe  
  57  4:55  Probe  
  57  4:59  Blink (Chrono Boost)  
  59  5:01  Pylon  
  59  5:05  Probe  
  60  5:08  Stalker  
  60  5:11  Probe  
  63  5:14  Assimilator  
  63  5:17  Stalker  
  65  5:26  Shield Battery  
  65  5:27  Pylon  
  58  5:36  Probe  
  58  5:37  Stalker  
  58  5:38  Probe (Chrono Boost)  
  58  5:39  Probe (Chrono Boost)  
  63  5:44  Stalker  
  66  5:50  Probe (Chrono Boost)  
  66  5:54  Probe (Chrono Boost)  
  66  5:56  Probe (Chrono Boost)  
  68  5:59  Probe (Chrono Boost)  
  68  6:02  Probe (Chrono Boost)  
  68  6:03  Probe (Chrono Boost)  
  69  6:05  Probe (Chrono Boost)  
  69  6:09  Robotics Facility  
  69  6:11  Forge  
  70  6:12  Stalker x2  
  70  6:13  Probe (Chrono Boost)  
  70  6:14  Probe (Chrono Boost)  
  70  6:17  Probe (Chrono Boost)  
  77  6:22  Pylon  
  77  6:24  Probe x2 (Chrono Boost)  
  77  6:25  Probe (Chrono Boost)  
  80  6:28  Probe (Chrono Boost)  
  80  6:29  Probe (Chrono Boost)  
  80  6:30  Gateway  
  80  6:31  Probe, Gateway  
  82  6:36  Assimilator  
  82  6:39  Probe  
  84  6:40  Assimilator  
  84  6:41  Protoss Ground Weapons Level 1 (Chrono Boost), Probe  
  84  6:45  Pylon  
  85  6:49  Probe  
  86  6:54  Probe, Pylon  
  86  6:57  Stalker  
  86  6:58  Probe, Stalker  
  92  7:01  Probe  
  92  7:02  Observer  
  92  7:07  Robotics Bay  
  92  7:10  Probe  
  92  7:13  Gateway  
  92  7:15  Gateway  
  93  7:16  Gateway x2  
  93  7:20  Pylon  
  93  7:23  Sentry x2  
  93  7:28  Zealot x2  
  99  7:38  Charge  
  99  7:39  Probe  
  99  7:43  Photon Cannon  
  100  7:45  Shield Battery  
  100  7:46  Pylon  
  100  7:51  Stalker x4  
  94  8:02  Probe x2  
  90  8:09  Stalker  
  90  8:10  Stalker x2  
  90  8:11  Probe  
  95  8:17  Stalker x3  
  80  8:28  Probe  
  80  8:32  Colossus (Chrono Boost)  
  80  8:33  Probe  
  84  8:41  Stalker  
  92  8:42  Probe  
  92  8:44  Pylon  
  92  8:46  Pylon  
  92  8:47  Probe  
  94  8:49  Pylon  
  90  9:04  Stalker x2  
  90  9:05  Stalker x2  
  90  9:08  Zealot  
  94  9:10  Zealot x2  
  92  9:19  Probe  
Show
View Real Time Build Order
Export as new Build Order

HeroMarine Terran - Winner!

Build Orders:  

Get SALT Encoding   

  12  0:00  SCV  
  13  0:12  SCV  
  14  0:17  Supply Depot  
  14  0:24  SCV  
  15  0:38  SCV  
  15  0:40  Barracks  
  16  0:43  Refinery  
  16  0:50  SCV  
  17  1:03  SCV  
  18  1:15  SCV  
  19  1:27  Orbital Command, Marine  
  20  1:40  Command Center  
  20  1:45  Reaper  
  21  1:53  SCV  
  22  1:56  Supply Depot  
  22  2:05  SCV  
  22  2:06  Factory  
  23  2:16  Refinery  
  23  2:18  SCV  
  23  2:20  Barracks Reactor  
  24  2:30  SCV  
  25  2:42  SCV  
  26  2:54  SCV  
  26  2:55  Hellion  
  26  2:58  Marine x2  
  29  2:59  Starport  
  29  3:04  Orbital Command  
  31  3:06  SCV  
  32  3:16  Marine x2  
  32  3:18  SCV  
  37  3:21  Factory Tech Lab  
  37  3:23  Orbital Command  
  35  3:31  SCV  
  35  3:34  Marine x2  
  35  3:39  Viking  
  35  3:40  Cyclone  
  42  3:43  SCV  
  42  3:48  Supply Depot  
  42  3:50  SCV  
  42  3:51  Marine  
  42  3:52  Marine  
  42  3:55  SCV  
  46  4:09  Supply Depot  
  46  4:10  Viking, Marine x2, SCV x2  
  52  4:18  Cyclone  
  52  4:22  Supply Depot, SCV  
  54  4:30  Marine x2  
  54  4:31  SCV  
  57  4:34  SCV  
  58  4:42  Viking, Command Center  
  60  4:46  SCV x2  
  60  4:48  Marine x2  
  60  4:51  Cyclone  
  68  5:00  SCV x2  
  68  5:01  Supply Depot  
  68  5:03  Barracks  
  69  5:10  Marine  
  70  5:15  Barracks  
  70  5:21  SCV, Marine  
  70  5:22  SCV  
  70  5:28  Marine  
  70  5:34  SCV x2  
  66  5:37  Cyclone, Viking  
  66  5:39  Marine  
  66  5:40  Refinery  
  69  5:43  Engineering Bay  
  69  5:46  SCV x2, Marine  
  69  5:52  Barracks Tech Lab  
  69  5:55  Orbital Command  
  69  5:57  Marine  
  67  5:58  SCV x2  
  67  6:03  Marine  
  70  6:08  Barracks Reactor, Starport Reactor  
  70  6:09  Barracks Tech Lab  
  70  6:10  SCV  
  70  6:11  SCV, Stimpack  
  72  6:12  Marine  
  72  6:13  Terran Infantry Weapons Level 1  
  72  6:14  Marine  
  74  6:19  Combat Shield  
  74  6:21  Marine x2  
  74  6:22  SCV  
  74  6:23  SCV  
  77  6:26  Orbital Command  
  77  6:28  Factory Reactor  
  77  6:29  Marine  
  77  6:30  Missile Turret  
  77  6:32  Refinery, Marine  
  78  6:34  Supply Depot, SCV  
  78  6:35  SCV  
  78  6:39  Missile Turret, Marine  
  82  6:43  Marauder  
  82  6:45  Medivac  
  82  6:46  SCV  
  86  6:47  SCV  
  86  6:48  Marauder  
  86  6:49  Supply Depot, Medivac  
  86  6:50  Marine  
  91  6:54  SCV  
  91  6:57  Marine  
  91  6:58  SCV  
  93  7:02  SCV  
  93  7:04  Marauder  
  93  7:06  SCV  
  93  7:08  Marine  
  97  7:09  Marauder  
  97  7:10  SCV  
  97  7:11  Widow Mine  
  97  7:14  SCV  
  101  7:19  Supply Depot, SCV, Marine  
  101  7:21  Widow Mine  
  106  7:22  SCV  
  106  7:23  Medivac  
  106  7:26  Marauder  
  106  7:27  Medivac  
  109  7:31  Marauder  
  109  7:32  SCV x2  
  109  7:33  Widow Mine  
  109  7:34  Marine  
  109  7:35  SCV  
  115  7:38  Supply Depot  
  115  7:43  Missile Turret, Marine  
  116  7:47  SCV x3, Marauder  
  121  7:52  Marauder, Marine  
  121  7:55  Concussive Shells  
  122  7:59  SCV  
  122  8:01  Marine  
  122  8:02  SCV x2  
  124  8:08  Marauder  
  124  8:10  Marine  
  124  8:11  SCV  
  125  8:13  Marauder  
  125  8:14  SCV  
  125  8:18  Medivac x2, Widow Mine x2  
  125  8:19  Marine  
  133  8:24  Barracks  
  124  8:27  Marine  
  124  8:30  Marauder  
  124  8:32  SCV  
  124  8:33  SCV x2, Refinery x2  
  124  8:34  Barracks  
  129  8:35  Marauder  
  129  8:37  Marine  
  132  8:45  SCV, Marine  
  132  8:46  Widow Mine x2  
  138  8:49  Supply Depot  
  138  8:50  Supply Depot  
  138  8:51  Marauder  
  140  8:57  Medivac, Marine  
  140  8:58  SCV, Medivac  
  140  8:59  SCV, Marauder  
  144  9:08  SCV  
  139  9:10  Widow Mine  
  139  9:11  SCV  
  139  9:15  Barracks Reactor  
  138  9:21  Barracks x2  
Tags
 
Add a new tag
Caveats
  • Supply blocks, unpowered buildings, or Contaminate may cause inaccurate times.
  • Supply counts are checked every 10 seconds.